 Dungeon Crawl Stone Soup version 0.30-b1-2-g02819fbbbe (webtiles) character file.

Game seed: 11825804981654424210

78890 night the Warrior (level 16, -1/129 HPs)
             Began as a Djinni Conjurer on May 8, 2023.
             Was an Initiate of Gozag.
             Slain by a spriggan defender simulacrum (36 damage)
             ... in an ice cave on May 9, 2023.
             The game lasted 01:40:54 (21725 turns).

night the Warrior (Djinni Conjurer)                Turns: 21725, Time: 01:40:55

Health: -1/129     AC: 12    Str:  6    XL:     16   Next: 9%
Gold:   6536       EV: 13    Int: 31    God:    Gozag SH: 12 Dex: 15

rFire   + + .        Y - +3 scimitar (flame)
rCold   x . .        K - +0 kite shield
rNeg    . . .        t - +3 leather armour {Will+}
rPois   ∞            h - +1 helmet
rElec   .            g - +1 cloak
rCorr   .            P - +1 pair of gloves
SInv    +            (boots unavailable)
Will    ++...        D - amulet of regeneration
Stlth   +++          q - ring of wizardry
HPRegen 1.21/turn    n - +6 ring of intelligence
MPRegen 0.00/turn

%: wizardry (x1), infuse magic (-2 HP)
@: flying, studying Fighting
A: sickness immunity, fire resistance 2, cold vulnerability 1, float, innate
caster, HP casting, extra vitality 1, see invisible
a: Renounce Religion, Potion Petition, Call Merchant, Bribe Branch


You were in an ice cave.
You worshipped Gozag.
Gozag was greatly pleased with you.
You visited 4 branches of the dungeon, and saw 23 of its levels.
You also visited: Ice Cave.

You collected 7043 gold pieces.
You spent 450 gold pieces at shops.
You paid 57 gold pieces to Gozag.

Inventory:

Hand Weapons
 j - a +4 short sword of draining
 k - a +4 rapier of flaming
 x - a +2 falchion of holy wrath
 Y - a +3 scimitar of flaming (weapon)
Missiles
 e - 238 stones
 l - 62 poisoned darts
 M - a curare-tipped dart
 U - 3 throwing nets
Armour
 a - a +0 robe
 g - a +1 cloak (worn)
 h - a +1 helmet (worn)
 t - a +3 leather armour of willpower (worn)
 A - a +3 leather armour of cold resistance
 K - a +0 kite shield (worn)
 P - a +1 pair of gloves (worn)
Jewellery
 n - a +6 ring of intelligence (right hand)
 p - a ring of protection from fire
 q - a ring of wizardry (left hand)
 D - an amulet of regeneration (around neck)
 L - a +6 ring of dexterity
 N - a +6 ring of dexterity
 O - a ring of wizardry
 S - a ring of protection from fire
 V - the amulet of Gamits {Reflect Str+4 SH+5}
   (You found it on level 12 of the Dungeon)

   [amulet of reflection]

   It reflects blocked missile attacks.
   Str:       It affects your strength (+4).
   SH:        It affects your SH (+5).
Wands
 o - a wand of iceblast (15)
 y - a wand of flame (26)
 B - a wand of mindburst (14)
 I - a wand of charming (6)
 Q - a wand of polymorph (1)
Scrolls
 d - 6 scrolls of fog
 f - 10 scrolls of teleportation
 s - 3 scrolls of blinking
 z - 4 scrolls of immolation
 E - a scroll of magic mapping
 G - 2 scrolls of vulnerability
 T - a scroll of silence
 W - a scroll of fear
 X - 2 scrolls of enchant weapon
Potions
 i - 8 potions of heal wounds
 m - 6 potions of curing
 r - a potion of haste {unknown}
 u - 3 potions of cancellation
 v - a potion of mutation {unknown}
 w - 5 potions of ambrosia
 C - 4 potions of might
 F - 2 potions of invisibility
 H - 4 potions of attraction
 J - 2 potions of berserk rage {unknown}
 Z - 2 potions of brilliance {unknown}
Miscellaneous
 R - a phial of floods


   Skills:
 * Level 16.6 Fighting
 - Level 6.1 Long Blades
 + Level 8.7 Dodging
 - Level 6.4 Stealth
 + Level 11.7 Shields
 * Level 12.5 Spellcasting


You knew the following spells:

 Your Spells              Type           Power      Damage    Failure   Level
a - Magic Dart            Conj           100%       1d8       1%          1
b - Searing Ray           Conj           100%       2d8       1%          2
c - Dazzling Flash        Conj/Hex       100%       N/A       1%          3
d - Iskenderun's Mystic   Conj/Tloc      77%        2d15      1%          4
e - Fulminant Prism       Conj/Hex       38%        3d18      1%          4
f - Mephitic Cloud        Conj/Pois/Air  77%        N/A       1%          3
g - Static Discharge      Conj/Air       100%       2-7/arc   1%          2
h - Manifold Assault      Tloc           77%        N/A       1%          4
i - Alistair's Intoxicat  Tmut/Pois      51%        N/A       1%          5
j - Silence               Hex/Air        38%        N/A       1%          5
k - Plasma Beam           Fire/Air       38%        2x1d57    5%          6
s - Sting                 Tmut/Pois      100%       1d8       1%          1
Your spell library was empty.

Dungeon Overview and Level Annotations

Branches:
Dungeon (15/15)            Temple (1/1) D:7            Lair (5/5) D:10
  Swamp (0/4) Lair:2       Spider (0/4) Lair:2        Slime (0/5) Lair:4
    Orc (2/2) D:11            Elf (0/3) Orc:2        Vaults (0/5) D:14
 Depths (0/4) D:15          IceCv (1/1)

Altars:
Ashenzari
Cheibriados
Dithmenos
Elyvilon
Fedhas
Gozag
Hepliaklqana
Makhleb
Nemelex Xobeh
Okawaru
Qazlal
Ru
Trog
Uskayaw
Wu Jian
Xom
Yredelemnul
Zin
The Shining One
Jiyva

Shops:
D:7 =   Orc:2 *(::

Portals:
Abyss: D:5

Annotations:
D:5 2 transporters, bl3nd3r's ghost, amateur GnWn
D:9 1 runed translucent door, MirrMurr's ghost, journeyman SpHu
Lair:5 3 runed translucent doors, EtherCrawl's ghost, journeyman MiBe; Goblin1989's ghost, journeyman DsHW; Jeban's ghost, journeyman OpFi; Nattefrost's ghost, journeyman GnHu; mabla's ghost, journeyman MiBe


Innate Abilities, Weirdness & Mutations

You are immune to sickness and miasma.
You are immune to poison.
Your flesh is very heat resistant. (rF++)
You are vulnerable to cold. (rC-)
You float through the air rather than walking.
You learn spells naturally, not from books.
Your magical power is your life essence.
You have superior vitality. (+4 MHP)
You have supernaturally acute eyesight. (SInv)


Message History

The ice devil slams into the ice covered rock wall!
The ice devil is severely wounded.
* * * LOW HITPOINT WARNING * * *
Unknown command.
Casting: Iskenderun's Mystic Blast (safe; 1% risk of failure)
Confirm with . or Enter, or press ? or * to list all spells.
Casting: Plasma Beam (dangerous; 5% risk of failure)
Press: ? - help, Dir - look around, f - activate The bolt of lightning hits the ice devil!!
You kill the ice devil!
You hear a sizzling sound!
* * * LOW HITPOINT WARNING * * *
The ice devil is distracted by your dazzling golden aura.
The ice devil is no longer distracted by gold.
Casting: Plasma Beam (dangerous; 5% risk of failure)
Confirm with . or Enter, or press ? or * to list all spells.
You erupt in a blast of force!
The mystic blast hits the ice devil.
The ice devil is almost dead.
The ice devil is knocked back by the mystic blast.
The ice devil slams into the ice covered rock wall!
You kill the ice devil!
* * * LOW HITPOINT WARNING * * *
Unknown command.
You start resting.
A spriggan defender simulacrum comes into view.
You start resting.
A spriggan defender simulacrum is nearby!
Casting: Iskenderun's Mystic Blast (safe; 1% risk of failure)
Confirm with . or Enter, or press ? or * to list all spells.
You erupt in a blast of force!
The mystic blast hits the spriggan defender simulacrum!
The spriggan defender simulacrum is moderately damaged.
The spriggan defender simulacrum is knocked back by the mystic blast.
Unknown command.
The spriggan defender simulacrum hits you!
* * * LOW HITPOINT WARNING * * *
The spriggan defender simulacrum freezes you!!!
You feel a terrible chill!
You die...
Your body crumbles into a pile of gold.

#### $
#..##### $
#.∩$..$#.##
$
##Z.∩.....#
#@##........
#≈≈####.###.
#≈≈≈# #
#≈≈≈# #≈≈##
##Z# #. .


You could see a spriggan defender simulacrum and a deep troll simulacrum.

Vanquished Creatures
  Rupert (Lair:5)
  Roxanne (D:14)
  3 vault guards (D:14)
  3 hydras
  3 boulder beetles
  Erolcha (D:13)
  Harold (D:11)
  A catoblepas (Lair:5)
  4 two-headed ogres
  2 centaur warriors (D:13)
  Nergalle (Lair:2)
  2 orc high priests
  2 skysharks
  Lodul (D:14)
  3 skeletal warriors (D:12)
  4 spriggan simulacra
  An orange crystal statue (D:12)
  Pikel (D:8)
  2 deep elf pyromancers (D:13)
  A wolf spider (Lair:5)
  A lindwurm (Lair:5)
  8 ugly things
  4 cyclopes
  6 orc sorcerers
  A will-o-the-wisp (Lair:2)
  3 elephants (Lair:5)
  A guardian serpent (Lair:5)
  4 molten gargoyles (D:9)
  6 black mambas
  2 gargoyles
  An efreet (D:13)
  An unseen horror (D:12)
  2 rime drakes
  6 komodo dragons
  18 cane toads
  An anaconda simulacrum (D:15)
  3 kobold demonologists
  2 ice devils (IceCv)
  3 polar bears
  7 trolls
  3 hornets
  5 dream sheep (Lair:5)
  15 blink frogs
  A jumping spider (shapeshifter) (D:14)
  Sigmund (D:5)
  7 slime creatures
  3 wraiths
  A shadow (D:13)
  62 yaks
  A vampire (D:9)
  Eustachio (D:6)
  9 humans (D:14)
  A basilisk (Lair:1)
  15 wyverns
  A steam dragon (D:7)
  A minotaur simulacrum (D:15)
  Menkaure (D:4)
  4 redbacks
  4 wargs
  A harpy simulacrum (D:15)
  5 acid dragons
  25 water moccasins
  Duvessa (D:7)
  2 ice beasts
  19 orc warriors
  2 sky beasts (D:7)
  2 black bears
  6 ogres
  2 centaurs
  6 wolves
  3 lemures (D:8)
  5 kobold brigands
  3 phantoms
  3 deep troll simulacra (D:15)
  9 bullfrogs
  A gnoll sergeant (D:10)
  7 scorpions
  10 wights
  Dowan (D:7)
  9 killer bees (D:8)
  A howler monkey (D:10)
  4 electric eels
  21 orc priests
  11 jellies
  4 hounds
  A gnoll bouda (D:7)
  7 iguanas
  A sleepcap (D:6)
  32 orc wizards
  11 gnolls
  8 adders
  2 white imps (D:7)
  An ufetubus (D:7)
  3 worms
  4 dart slugs
  61 orcs
  4 bats (D:2)
  25 endoplasms
  5 giant cockroaches
  11 goblins
  4 hobgoblins
  5 quokkas
  10 ball pythons
  A frilled lizard (D:2)
  27 kobolds
  A rat (D:1)
  2 bushes
  7 fulminant prisms
650 creatures vanquished.

Vanquished Creatures (collateral kills)
  A killer bee (D:8)
1 creature vanquished.

Vanquished Creatures (others)
  A killer bee (D:8)
  13 bushes (Lair:5)
  6 foxfires (Lair:2)
  162 fulminant prisms
  49 fungi
  69 plants
300 creatures vanquished.

Grand Total: 951 creatures vanquished

Notes
Turn   | Place    | Note
-------+----------+-------------------------------------------
     0 | D:1      | night the Djinni Conjurer began the quest for the Orb.
     0 | D:1      | night set off with the following spells memorised: Magic
                  | Dart, Searing Ray, Dazzling Flash, Fulminant Prism,
                  | Iskenderun's Mystic Blast.
     0 | D:1      | Reached XP level 1. HP: 15/15 MP: 0/0
   185 | D:1      | Reached XP level 2. HP: 20/22 MP: 0/0
   191 | D:1      | Reached skill level 1 in Fighting
  1094 | D:2      | Reached XP level 3. HP: 24/27 MP: 0/0
  1094 | D:2      | Learned a level 1 spell: Sting
  1460 | D:2      | Reached skill level 2 in Fighting
  1630 | D:2      | Found an ornate altar of the Wu Jian Council.
  1707 | D:2      | Reached XP level 4. HP: 30/33 MP: 0/0
  2491 | D:3      | Reached XP level 5. HP: 34/40 MP: 0/0
  2491 | D:3      | Learned a level 2 spell: Static Discharge
  2523 | D:3      | Reached skill level 3 in Fighting
  3179 | D:4      | Found a sparkling altar of Nemelex Xobeh.
  3183 | D:4      | Found a sacrificial altar of Ru.
  3183 | D:4      | Found a shadowy altar of Dithmenos.
  3201 | D:4      | Noticed Menkaure
  3202 | D:4      | Reached XP level 6. HP: 36/46 MP: 0/0
  3448 | D:4      | Reached skill level 4 in Fighting
  3747 | D:4      | Reached XP level 7. HP: 39/53 MP: 0/0
  3747 | D:4      | Learned a level 3 spell: Mephitic Cloud
  3949 | D:4      | Reached skill level 5 in Spellcasting
  3970 | D:4      | Reached skill level 5 in Fighting
  4221 | D:4      | Killed Menkaure
  4222 | D:4      | Reached XP level 8. HP: 28/61 MP: 0/0
  4417 | D:5      | Entered Level 5 of the Dungeon
  4417 | D:5      | Found a transporter.
  4468 | D:5      | Noticed Sigmund
  4477 | D:5      | Killed Sigmund
  4478 | D:5      | Reached skill level 6 in Fighting
  4515 | D:5      | Found a basalt altar of Yredelemnul.
  4730 | D:5      | Found a transporter.
  4749 | D:5      | Noticed a toenail golem
  4756 | D:5      | Found a one-way gate to the infinite horrors of the Abyss.
  4756 | D:5      | Noticed bl3nd3r's ghost (amateur GnWn)
  4805 | D:5      | Found an ornate altar of the Wu Jian Council.
  5185 | D:5      | Found an opulent altar of Gozag.
  5191 | D:5      | Became a worshipper of Gozag Ym Sagoz the Greedy
  5329 | D:5      | Reached skill level 7 in Fighting
  5565 | D:6      | Reached XP level 9. HP: 65/68 MP: 0/0
  5565 | D:6      | Learned a level 4 spell: Manifold Assault
  5675 | D:6      | Reached skill level 1 in Long Blades
  5985 | D:6      | Noticed Eustachio
  6022 | D:6      | Killed Eustachio
  6660 | D:7      | Found a staircase to the Ecumenical Temple.
  6693 | Temple   | Entered the Ecumenical Temple
  6921 | D:7      | Reached skill level 8 in Fighting
  7010 | D:7      | Reached XP level 10. HP: 73/76 MP: 0/0
  7257 | D:7      | Found Bula Ifomi's Jewellery Emporium.
  7266 | D:7      | Bought an amulet of regeneration for 450 gold pieces
  7339 | D:7      | Noticed Dowan
  7340 | D:7      | Noticed Duvessa
  7343 | D:7      | Killed Dowan
  7346 | D:7      | Killed Duvessa
  7535 | D:8      | Noticed Pikel
  7548 | D:8      | Killed Pikel
  7549 | D:8      | Reached skill level 5 in Dodging
  7638 | D:8      | Noticed a two-headed ogre
  7661 | D:8      | Killed a two-headed ogre
  7898 | D:8      | Reached skill level 5 in Stealth
  7977 | D:8      | Reached XP level 11. HP: 81/82 MP: 0/0
  7977 | D:8      | Learned a level 5 spell: Alistair's Intoxication
  8293 | D:9      | Reached skill level 9 in Fighting
  8547 | D:9      | Found a runed translucent door.
  8547 | D:9      | Noticed MirrMurr's ghost (journeyman SpHu)
  8721 | D:9      | Reached skill level 5 in Long Blades
  9175 | D:9      | Found a shimmering altar of Xom.
  9521 | D:10     | Entered Level 10 of the Dungeon
  9636 | D:10     | Reached XP level 12. HP: 63/91 MP: 0/0
  9689 | D:10     | Found a staircase to the Lair.
 10014 | D:10     | Reached skill level 10 in Fighting
 10033 | D:10     | Reached skill level 1 in Shields
 10451 | Lair:1   | Entered Level 1 of the Lair of Beasts
 11333 | Lair:1   | Reached skill level 11 in Fighting
 11754 | Lair:2   | Noticed a skyshark
 11768 | Lair:2   | Killed a skyshark
 11769 | Lair:2   | Reached skill level 5 in Shields
 11786 | Lair:2   | Reached XP level 13. HP: 48/99 MP: 0/0
 11786 | Lair:2   | Learned a level 5 spell: Silence
 11872 | Lair:2   | Found a hole to the Spider Nest.
 12343 | Lair:2   | Found a staircase to the Swamp.
 12354 | Lair:2   | Noticed a six-headed hydra
 12369 | Lair:2   | Killed a six-headed hydra
 12572 | Lair:2   | Noticed Nergalle
 12592 | Lair:2   | Killed Nergalle
 13209 | Lair:3   | Reached skill level 12 in Fighting
 13476 | Lair:3   | Reached skill level 10 in Spellcasting
 13659 | Lair:4   | Found a viscous altar of Jiyva.
 13660 | Lair:4   | Found a staircase to the Slime Pits.
 14443 | Lair:5   | Entered Level 5 of the Lair of Beasts
 14668 | Lair:5   | Reached XP level 14. HP: 45/108 MP: 0/0
 15000 | Lair:5   | Reached skill level 13 in Fighting
 15160 | Lair:5   | Found a runed translucent gate.
 15160 | Lair:5   | Found a runed translucent gate.
 15160 | Lair:5   | Found a runed translucent gate.
 15162 | Lair:5   | Noticed mabla's ghost (journeyman MiBe)
 15162 | Lair:5   | Noticed Jeban's ghost (journeyman OpFi)
 15163 | Lair:5   | Noticed EtherCrawl's ghost (journeyman MiBe)
 15163 | Lair:5   | Noticed Nattefrost's ghost (journeyman GnHu)
 15163 | Lair:5   | Noticed Goblin1989's ghost (journeyman DsHW)
 15643 | Lair:5   | Noticed Rupert
 15655 | Lair:5   | Killed Rupert
 16540 | D:11     | Found a transporter.
 16572 | D:11     | Found a transporter.
 16611 | D:11     | Found a staircase to the Orcish Mines.
 16857 | D:11     | Noticed Harold
 16870 | D:11     | Killed Harold
 16871 | D:11     | Reached skill level 10 in Shields
 17284 | D:12     | Reached skill level 14 in Fighting
 17350 | D:12     | Reached XP level 15. HP: 109/117 MP: 0/0
 17350 | D:12     | Learned a level 6 spell: Plasma Beam
 17365 | D:12     | Identified the amulet of Gamits {Reflect Str+4 SH+5}
 18278 | D:13     | Noticed Erolcha
 18287 | D:13     | Killed Erolcha
 18631 | D:13     | Found a shadowy altar of Dithmenos.
 18884 | Orc:1    | Entered Level 1 of the Orcish Mines
 19062 | Orc:2    | Entered Level 2 of the Orcish Mines
 19062 | Orc:2    | Found a staircase to the Elven Halls.
 19170 | Orc:2    | Reached skill level 15 in Fighting
 19192 | Orc:2    | Gained mutation: You have supernaturally acute eyesight.
                  | (SInv) [a neqoxec]
 20410 | Orc:2    | Found Ettedaetow's Assorted Antiques.
 20412 | Orc:2    | Found Ecifipna's Weapon Shop.
 20416 | Orc:2    | Found Iginua's Book Boutique.
 20419 | Orc:2    | Found Ymafobae's Book Boutique.
 20791 | D:14     | Noticed Roxanne
 20956 | D:14     | Noticed Lodul
 20960 | D:14     | Killed Lodul
 21089 | D:14     | Reached skill level 16 in Fighting
 21131 | D:14     | Found a gate to the Vaults.
 21491 | D:14     | Killed Roxanne
 21586 | D:15     | Entered Level 15 of the Dungeon
 21634 | D:15     | Found a frozen archway.
 21647 | D:15     | Reached XP level 16. HP: 58/129 MP: 0/0
 21698 | IceCv    | Entered an ice cave
 21725 | IceCv    | Slain by a spriggan defender simulacrum

Illustrated notes

Levels and vault maps discovered:
D:1:      eino_arrival_water_cross, layout_basic, serial_curves, eino_curves_01,
          eino_curves_03, serial_bayou_pond_e, minmay_stone_trees_small
D:2:      layout_loops_corners, basic_altar
D:3:      minmay_inner_zag, layout_loops_ring, serial_aquarium,
          aquarium_bridge_square [aquarium_subvault_window,
          aquarium_subvault_window, aquarium_subvault_bridge,
          aquarium_subvault_bridge], aquarium_window_corner, aquarium_window_1,
          aquarium_view_2e, aquarium_view_2c, aquarium_balcony_double_4,
          minmay_between
D:4:      minmay_octagon_keep, layout_loops_cross, grunt_temple_overflow_open,
          uniq_menkaure
D:5:      layout_cave_pods, mainiacjoe_overflow_brackets,
          mainiacjoe_overflow_six_doors_small, general_overflow_altar,
          gammafunk_ghost_abyssal_escape, kennysheep_path_1,
          kennysheep_generic_room_5, uniq_sigmund
D:6:      layout_loops_ring, uniq_eustachio
D:7:      layout_gridville, minmay_temple_entry_statues_pillars, serial_shops,
          shop, uniq_duvessa
D:8:      layout_rooms, kennysheep_generic_room_12, uniq_pikel
D:9:      layout_long_grid, gammafunk_temple_overflow_elements,
          gammafunk_ghost_grave, minivault_8
D:10:     layout_basic, lair_entry_dummy
D:11:     layout_roguey, orc_0_dummy, nicolae_diode_stairs, uniq_harold
D:12:     layout_basic, minmay_protected_statue
D:13:     layout_irregular_city, grunt_dithmenos_shadows, uniq_erolcha
D:14:     layout_rooms, ximxim_vaults_locker_room, minivault_24,
          serial_bayou_crossing, uniq_roxanne, uniq_lodul
D:15:     hangedman_depths_entry_civil_slaughter, layout_stronghold,
          grunt_qazlal_clouds, portal_ice_cave_entry_ice_simulacra
Temple:   compressed_dpeg_triangle_lava_temple
Lair:1:   lemuel_slime, layout_regular_city
Lair:2:   layout_cave_pods, minmay_swamp_entry_wisps, spider_nest_entry_rubble,
          uniq_nergalle
Lair:3:   layout_chaotic_city, cheibrodos_lair_reptile_den,
          serial_bayou_shore_b, infiniplex_staircase_pool
Lair:4:   layout_gridlike, slime_entry_1, serial_bayou_shore_b,
          grunt_megastairs_1, serial_bayou_shore_a
Lair:5:   hangedman_lair_tendril_chambers, layout_regular_city,
          gammafunk_ghost_cemetery, minmay_hedge_maze, uniq_rupert
Orc:1:    layout_diamond_mine, basic_altar
Orc:2:    st_orc_mages, layout_caves
IceCv:    ice_cave_caverns_02

Skill      XL: |  1  2  3  4  5  6  7  8  9 10 11 12 13 14 15 |
---------------+----------------------------------------------+-----
Fighting       | 1 2 3 4 5 7 8 9 11 12 14 16 | 16.6
Spellcasting   | 4 5 6 7 8 9 10 11 12 | 12.5
Stealth        | 3 5 6 |  6.4
Long Blades    | 3 4 6 |  6.1
Dodging        | 4 6 7 8 |  8.7
Shields        | 5 8 10 11 | 11.7

Action                     |  1- 3 |  4- 6 |  7- 9 | 10-12 | 13-15 | 16-18 || total
---------------------------+-------+-------+-------+-------+-------+-------++-------
  Melee: Short sword       |       |    12 |    39 |       |       |       ||    51
         Punch             |       |     1 |     1 |     2 |       |       ||     4
         Rapier            |       |       |    19 |    65 |   221 |       ||   305
         Falchion          |       |       |       |    17 |       |       ||    17
         Scimitar          |       |       |       |       |    55 |     2 ||    57
   Cast: Magic Dart        |    57 |    50 |    77 |   152 |    61 |       ||   397
         Searing Ray       |     5 |    10 |    23 |    27 |    23 |       ||    88
         Sting             |       |     3 |     8 |    12 |    15 |       ||    38
         Fulminant Prism   |       |     2 |    13 |    69 |    85 |       ||   169
         Iskenderun's Myst |       |       |     7 |    93 |   180 |     5 ||   285
         Mephitic Cloud    |       |       |     3 |    12 |     9 |       ||    24
         Manifold Assault  |       |       |     2 |       |       |       ||     2
         Static Discharge  |       |       |       |       |     1 |       ||     1
         Plasma Beam       |       |       |       |       |    80 |    11 ||    91
  Evoke: Wand              |       |       |       |       |     3 |       ||     3
    Use: Scroll            |       |     5 |     6 |     4 |    13 |       ||    28
         Potion            |       |       |       |     1 |       |       ||     1
   Stab: Sleeping          |       |       |     1 |     2 |     4 |       ||     7
         Confused          |       |       |     1 |       |     5 |       ||     6
         Distracted        |       |       |       |       |     4 |       ||     4
         Petrified         |       |       |       |       |     1 |       ||     1
 Armour: Robe              |     3 |     8 |       |       |       |       ||    11
         Leather armour    |       |       |    38 |    39 |   116 |       ||   193
  Dodge: Dodged            |    11 |     9 |    34 |    70 |   151 |       ||   275
  Block: Kite shield       |       |       |       |    31 |   215 |     2 ||   248
